 Dungeon Crawl Stone Soup version 0.15.2 (webtiles) character file.

424 Implojin the Chopper (level 6, 19/57 HPs)
             Began as a Deep Dwarf Healer on Apr 8, 2016.
             Was a Follower of Elyvilon.
             Quit the game on Level 8 of the Dungeon.
             The game lasted 00:14:41 (1484 turns).

Implojin the Chopper (Deep Dwarf Healer)            Turns: 1484, Time: 00:14:41

HP  19/57        AC 12     Str 16      XL: 6   Next: 64%
MP   8/8         EV  6     Int 12      God: Elyvilon [*.....]
Gold 123         SH  0     Dex 13      Spells:  0 memorised,  5 levels left

rFire  . . .     SeeInvis .     u - +0 flail (holy)
rCold  . . .     Clarity  .     s - +0 chain mail
rNeg   . . .     rCorr    .     (no shield)
rPois  .         rRot     .     (no helmet)
rElec  .         Spirit   .     (no cloak)
SustAb .         Warding  .     (no gloves)
rMut   .         Stasis   .     (no boots)
Gourm  .                        (no amulet)
MR     .....                    (no ring)
                                (no ring)

@: non-regenerating, not resistant to hostile enchantments, extremely unstealthy
A: damage resistance, recharge devices, rough black scales 1, sense surroundings
1, slow healing 3
a: Device Recharging, Lesser Healing, Lesser Self-Healing, Divine Protection,
Renounce Religion


You were on level 8 of the Dungeon.
You worshipped Elyvilon.
Elyvilon was aware of your devotion.
You were not hungry.

You visited 1 branch of the dungeon, and saw 8 of its levels.

You collected 123 gold pieces.

Inventory:

Hand weapons
 c - a cursed -1 dagger
 g - a +0 falchion
 p - a -1 whip
 t - a +0 hand axe
 u - a +0 flail of holy wrath (weapon)
Missiles
 e - 13 tomahawks (quivered)
 o - 12 stones
 q - 9 sling bullets of frost
Armour
 a - a +1 robe
 i - a +1 scale mail
 l - a +0 leather armour
 s - a +0 chain mail (worn)
 v - a +0 ring mail
Magical devices
 d - a wand of heal wounds (3)
 h - a wand of hasting (6) {unknown}
Comestibles
 f - 2 bread rations
 m - 4 meat rations
Scrolls
 b - a scroll of remove curse
Jewellery
 n - an uncursed ring of fire
Potions
 j - a potion of haste {unknown}
 k - a potion of porridge
 r - a potion of poison


   Skills:
 - Level 3.8 Fighting
 * Level 5.8 Axes
 - Level 2.1 Dodging
 - Level 3.6 Invocations


You had 5 spell levels left.
You didn't know any spells.

Dungeon Overview and Level Annotations

Branches:
Dungeon (8/15)
 Temple: D:4-7         Lair: D:8-11

Altars:
Makhleb

Annotations:
D:8 Eustachio


Innate Abilities, Weirdness & Mutations

You are resistant to damage.
You can recharge devices by infusing magical energy.
You passively map a small area around you.
You do not heal naturally.
You are partially covered in rough black scales (AC +4, Dex -1).


Message History

You see here an emulsified green potion.
j - an emulsified green potion Eustachio zaps a wand.
You resist with almost no effort.
There is a stone staircase leading up here.
Eustachio zaps a wand.
You resist with almost no effort.
You climb upwards.
There is a stone staircase leading down here.
You climb downwards.
Level annotation: Eustachio Eustachio casts a spell.
There is a stone staircase leading up here.
Eustachio casts a spell.
Eustachio blinks!
You are no longer poisoned.
There is a stone staircase leading up here.
The quasit bites you but does no damage.
The quasit claws you but does no damage. x2
The ufetubus hits you but does no damage.
The ufetubus hits you.
Found a stone staircase leading down.
The quasit bites you but does no damage.
The quasit barely misses you. The quasit closely misses you.
A centaur comes into view.
The centaur shouts!
The ufetubus hits you but does no damage.
The ufetubus barely misses you.
The centaur wields a shortbow.
The centaur shoots an arrow.
The arrow hits you but does no damage.
You see here an arrow.
The centaur shoots an arrow.
The arrow hits you.
* * * LOW HITPOINT WARNING * * *
The ufetubus hits you.
* * * LOW HITPOINT WARNING * * *
The ufetubus completely misses you.
You see here an arrow.
The centaur shoots an arrow.
The arrow hits you but does no damage.
You see here an arrow.
The quasit bites you but does no damage.
The quasit claws you but does no damage.
The quasit closely misses you.
Are you sure you want to abandon this character and quit the game? (Confirm with "yes".)

#.##.#* # ... ....#
#.##.. ...# #.#.# #.####
#.###.#.# ######.#
#####*#.....<.# .......#
#.....#.##..#.# * ####.,
.#.###.#
#.....#.5@....###.......
.#.###.#
#.c....5((.#............
.#..##.#
#...>.#5##......#.......
.##.##.# ....
#@##.......#####.
.##.##.# #
####.........## .......#
#......##...## ,
###.#### #@####.###.## ,
#.# #.#........# #.#
#....#.##### ,
#.#########.###..# *
#...........# #.##
###########.#*#.#


You could see Eustachio, a quasit, a shadow imp and an ufetubus.

Vanquished Creatures
  A sky beast (D:6)
  A giant frog (D:6)
  A crimson imp (D:6)
  A hound (D:6)
  2 orc wizards
  An orc priest (D:7)
  A worker ant (D:8)
  A white imp (D:8)
  4 adders
  A worm (D:5)
  An ooze (D:4)
  10 orcs
  A giant cockroach (D:1)
  2 goblins
  4 hobgoblins
  A kobold (D:2)
  A ball python (D:1)
  2 bats
  7 giant newts
  A giant spore (D:6)
  2 rats
46 creatures vanquished.

Vanquished Creatures (others)
  2 orcs (D:4)
2 creatures vanquished.

Grand Total: 48 creatures vanquished

Notes
Turn   | Place    | Note
--------------------------------------------------------------
     0 | D:1      | Implojin, the Deep Dwarf Healer, began the quest for the Orb.
     0 | D:1      | Reached XP level 1. HP: 16/16 MP: 2/2
    42 | D:1      | Reached skill level 1 in Fighting
   205 | D:2      | Reached skill level 2 in Fighting
   205 | D:2      | Reached XP level 2. HP: 13/26 MP: 4/4
   363 | D:3      | Found a burning altar of Makhleb.
   441 | D:3      | Reached XP level 3. HP: 11/33 MP: 3/5
   538 | D:4      | Reached skill level 3 in Fighting
   647 | D:5      | Entered Level 5 of the Dungeon
   786 | D:5      | Reached XP level 4. HP: 22/44 MP: 5/7
   864 | D:5      | Reached skill level 1 in Axes
   910 | D:6      | Noticed a giant frog
   927 | D:6      | Killed a giant frog
   927 | D:6      | Reached skill level 3 in Axes
   927 | D:6      | Reached XP level 5. HP: 21/50 MP: 4/8
  1086 | D:7      | Gained mutation: You are partially covered in rough black scales (AC +4, Dex -1). [potion of beneficial mutation]
  1105 | D:7      | HP: 2/50 [orc wizard/puff of flame (8)]
  1121 | D:6      | Noticed a sky beast
  1183 | D:6      | Killed a sky beast
  1183 | D:6      | Reached skill level 4 in Axes
  1183 | D:6      | Reached XP level 6. HP: 18/57 MP: 9/9
  1333 | D:6      | Reached skill level 5 in Axes
  1429 | D:8      | Noticed Eustachio
  1484 | D:8      | Quit the game

Action                   |  1- 3 |  4- 6 || total
-------------------------+-------+-------++-------
Melee: Unarmed           |   104 |     1 ||   105
       Whip              |   161 |       ||   161
       Hand axe          |       |   129 ||   129
       Flail             |       |    38 ||    38
Throw: Tomahawk          |     4 |     3 ||     7
       Stone             |     2 |       ||     2
Invok: Lesser Self-Heali |    12 |     3 ||    15
       Lesser Healing    |    11 |    20 ||    31
 Abil: Device Recharging |       |     2 ||     2
Evoke: Wand              |       |    12 ||    12
  Use: Scroll            |     6 |     2 ||     8
       Potion            |     1 |     3 ||     4
  Eat: Chunk             |     3 |     2 ||     5
       Pizza             |       |     1 ||     1
       Bread ration      |       |     1 ||     1

Table legend:
 A = Turns spent in this place as a percentage of turns spent in the entire game.
 B = Non-inter-level travel turns spent in this place as a percentage of non-inter-level travel turns spent in the entire game.
 C = Inter-level travel turns spent in this place as a percentage of turns spent in this place.
 D = Turns resting spent in this place as a percentage of non-inter-level travel turns spent in this place.
 E = Turns spent auto-exploring this place as a percentage of non-inter-level travel turns spent in this place.
 F = Non-inter-level travel turns spent in this place divided by the number of levels of this place that you've seen.
                   A       B       C       D       E      F
               +-------+-------+-------+-------+-------+----------------------
         Total | 100.0 | 100.0 |   0.0 |   0.0 |   0.0 | 186.2
       Dungeon | 100.0 | 100.0 |   0.0 |   0.0 |   0.0 | 186.2
               +-------+-------+-------+-------+-------+----------------------

Table legend:
 A = Kills in this place as a percentage of kills in entire the game.
 B = Kills by you in this place as a percentage of kills by you in the entire game.
 C = Kills by friends in this place as a percentage of kills by friends in the entire game.
 D = Other kills in this place as a percentage of other kills in the entire game.
 E = Experience gained in this place as a percentage of experience gained in the entire game.
 F = Experience gained in this place divided by the number of levels of this place that you have seen.
                   A       B       C       D       E      F
               +-------+-------+-------+-------+-------+----------------------
         Total | 100.0 | 100.0 |  -nan |  -nan | 100.0 |  72.2
       Dungeon | 100.0 | 100.0 |  -nan |  -nan | 100.0 |  72.2
               +-------+-------+-------+-------+-------+----------------------
